 Dungeon Crawl Stone Soup version 0.28.0-43-g3370ac3207 (webtiles) character file.

Game seed: 10035926133817759766

116 pkoi the Poker (level 4, -3/41 HPs)
             Began as a Minotaur Monk on Mar 16, 2022.
             Killed from afar by Ijyb (11 damage)
             ... with a puff of flame
             ... on level 3 of the Dungeon.
             The game lasted 00:02:39 (2646 turns).

pkoi the Poker (Minotaur Monk)                      Turns: 2646, Time: 00:02:40

Health: -3/41      AC:  9    Str: 17    XL:     4   Next: 70%
Magic:  3/3        EV:  8    Int:  7    God:
Gold:   55         SH:  0    Dex: 13    Spells: 3/3 levels left

rFire   . . .      SeeInvis .   a - +0 spear
rCold   . . .      Faith    .   (no shield)
rNeg    . . .      Spirit   .   d - +0 chain mail
rPois   .          Reflect  .   e - +1 hat
rElec   .          Harm     .   (no cloak)
rCorr   .          Rampage  .   (no gloves)
Will    .....                   (no boots)
Stlth   ..........              (no amulet)
HPRegen 0.13/turn               (no ring)
MPRegen 0.08/turn               (no ring)

@: no status effects
A: horns 2, retaliatory headbutt
a: no special abilities


You were on level 3 of the Dungeon.
You visited 1 branch of the dungeon, and saw 3 of its levels.

You collected 55 gold pieces.

Inventory:

Hand Weapons
 a - a +0 spear (weapon)
Missiles
 f - 2 curare-tipped darts (quivered)
Armour
 d - a +0 chain mail (worn)
 e - a +1 hat (worn)


   Skills:
 + Level 4.3 Fighting
 * Level 5.6 Polearms
 + Level 2.1 Armour
 - Level 3.2 Dodging
 - Level 1.5 Stealth


You had 3 spell levels left.
You didn't know any spells.
Your spell library contained the following spells:

 Spells                   Type           Power      Damage    Failure   Level
 Beastly Appendage        Tmut           0%         N/A       100%        1
 Corpse Rot               Necr/Air       0%         N/A       100%        2
 Poisonous Vapours        Pois/Air       0%         N/A       100%        2
 Wereblood                Tmut           0%         N/A       100%        2
 Spider Form              Tmut/Pois      0%         N/A       100%        3


Dungeon Overview and Level Annotations

Branches:
Dungeon (3/15)

Altars:
Fedhas
Zin

Shops:
D:1 =

Annotations:
D:3 Ijyb


Innate Abilities, Weirdness & Mutations

You have a pair of horns on your head.
You reflexively headbutt those who attack you in melee.


Message History

A hobgoblin comes into view.
Ijyb zaps a wand.
The puff of flame hits you.
The hobgoblin hits you but does no damage.
You hit the hobgoblin. You headbutt the hobgoblin.
You kill the hobgoblin!
You see here a hobgoblin corpse.
Ijyb zaps a wand.
The puff of flame hits you!
* * * LOW HITPOINT WARNING * * *
Ijyb zaps a wand.
The puff of flame hits you but does no damage.
Ijyb zaps a wand.
The puff of flame hits you!
* * * LOW HITPOINT WARNING * * *
There is a stone staircase leading up here.
You climb upwards.
There is a stone staircase leading down here.
You start resting.
You start resting.
HP restored.
You climb downwards.
Level annotation: Ijyb
There is a stone staircase leading up here.
Unknown command.
Ijyb zaps a wand.
The puff of flame hits you!
* * * LOW HITPOINT WARNING * * *
Ijyb zaps a wand.
The puff of flame hits you!
* * * LOW HITPOINT WARNING * * *
You hit Ijyb.
Ijyb is lightly wounded.
Ijyb zaps a wand.
The puff of flame hits you!
* * * LOW HITPOINT WARNING * * *
You barely miss Ijyb.
Ijyb is lightly wounded.
Ijyb hits you but does no damage.
You hit Ijyb.
Ijyb is moderately wounded.
Ijyb hits you but does no damage.
You aren't carrying any potions.
You aren't carrying any scrolls.
Ijyb zaps a wand.
The puff of flame hits you!
You die...

### ### #<###.#
#.@.g.# #.###.#
#####.# #.....#
#########.#####
..........#
..........#
..........#####
...............#


You could see Ijyb.

Vanquished Creatures
  A hound (D:2)
  Natasha (D:1)
  3 worms
  2 dart slugs
  3 orcs (D:3)
  4 ball pythons
  4 endoplasms
  3 goblins
  6 hobgoblins
  2 jackals (D:1)
  4 quokkas
  4 bats
  3 kobolds
  2 rats (D:1)
42 creatures vanquished.

Notes
Turn   | Place    | Note
-------+----------+-------------------------------------------
     0 | D:1      | pkoi the Minotaur Monk began the quest for the Orb.
     0 | D:1      | Reached XP level 1. HP: 19/19 MP: 0/0
   118 | D:1      | Reached skill level 4 in Polearms
   161 | D:1      | Reached XP level 2. HP: 21/26 MP: 1/1
   720 | D:1      | Found Rainupeh's One-of-a-Kind Rings.
   771 | D:1      | You fall into a shaft and drop 1 floor!
   783 | D:2      | Reached XP level 3. HP: 33/33 MP: 2/2
   967 | D:1      | Found a glowing silver altar of Zin.
  1027 | D:2      | Found a faded altar of an unknown god.
  1059 | D:2      | Reached skill level 1 in Armour
  1135 | D:2      | Noticed Natasha
  1156 | D:1      | Killed Natasha
  1157 | D:1      | Reached skill level 5 in Polearms
  1695 | D:2      | Found a blossoming altar of Fedhas.
  1741 | D:2      | Reached XP level 4. HP: 38/40 MP: 3/3
  2467 | D:3      | Noticed Ijyb
  2646 | D:3      | Killed from afar by Ijyb

Illustrated notes

Levels and vault maps discovered:
D:1:      dpeg_arrival_lava_altar, layout_loops_ring, nicolae_shop_unique_rings
D:2:      layout_basic, ebering_ecumenical_altar_mist, basic_altar,
          grunt_decor_junction, uniq_natasha
D:3:      layout_basic, minmay_misc_feat_roman, uniq_crazy_yiuf_cottage,
          uniq_ijyb

Skill      XL: |  1  2  3  4 |
---------------+-------------+-----
Polearms       | 4 5 |  5.6
Armour         | 1 2 |  2.1
Fighting       | 4 |  4.3
Dodging        | |  3.2
Stealth        | |  1.5

Action                   |  1- 3 |  4- 6 || total
-------------------------+-------+-------++-------
Melee: Spear             |    93 |    36 ||   129
       Headbutt          |    14 |     2 ||    16
       Punch             |     2 |       ||     2
  Use: Potion            |     3 |     1 ||     4
       Scroll            |       |     3 ||     3
 Stab: Sleeping          |     1 |       ||     1
Armor: Robe              |     2 |       ||     2
       Chain mail        |    22 |    10 ||    32
Dodge: Dodged            |    29 |     6 ||    35
